 Dungeon Crawl Stone Soup version 0.19.4-8-ga85b6b9 (console) character file.

19264 Kloppie the Cleaver (level 12, -5/110 HPs)
             Began as a Black Draconian Berserker on Feb 6, 2017.
             Was a High Priest of Trog.
             Slain by Kloppie's ghost (7 damage)
             ... on level 3 of the Lair of Beasts.
             The game lasted 00:17:01 (13282 turns).

Kloppie the Cleaver (Black Draconian Berserker)    Turns: 13282, Time: 00:17:01

Health: -5/110     AC: 11    Str: 20    XL:     12   Next: 35%
Magic:  4/4        EV: 21    Int:  7    God:    Trog [*****.]
Gold:   629        SH:  3    Dex: 20    Spells: 0 memorised, 11 levels left

rFire  . . .     SeeInvis .     a - +10 war axe {antimagic, rElec Dex+4}
rCold  . . .     Gourm    .     (armour unavailable)
rNeg   . . .     Faith    .     (no shield)
rPois  .         Spirit   .     (helmet restricted)
rElec  +         Reflect  +     h - +2 cloak
rCorr  +         Harm     .     (no gloves)
MR     .....                    (no boots)
Stlth  ++........               C - +3 amulet of reflection
                                (no ring)
                                t - ring of resist corrosion

@: exhausted, slowed, drained, very slow
A: breathe lightning, unfitting armour, electricity resistance, cold-blooded, AC
+8
a: Breathe Lightning, Berserk, Trog's Hand, Brothers in Arms, Burn Spellbooks,
Renounce Religion


You were on level 3 of the Lair of Beasts.
You worshipped Trog.
Trog was extremely pleased with you.
You were very hungry.

You visited 2 branches of the dungeon, and saw 13 of its levels.

You collected 629 gold pieces.

Inventory:

Hand Weapons
 a - the +10 war axe of the Goat (weapon) {antimagic, rElec Dex+4}
   (You found it on level 1 of the Lair of Beasts)

   It reduces the magical energy of the wielder, and disrupts the spells and
   magical abilities of those hit.
   Natural abilities and divine invocations are not affected.
   It affects your dexterity (+4).
   It insulates you from electricity.
 b - a +2 flail of draining
 L - a +2 antimagic executioner's axe
Armour
 e - a +0 large shield
 h - a +2 cloak (worn)
Jewellery
 t - a ring of resist corrosion (left hand)
 C - a +3 amulet of reflection (around neck)
 K - an uncursed ring of ice
Wands
 y - a wand of polymorph (10/24)
 D - a wand of confusion (37/48)
 F - a wand of flame (34/48)
 I - a wand of flame (32/48)
 N - a wand of confusion (23/48)
Scrolls
 c - 4 scrolls of enchant armour
 g - 9 scrolls of remove curse
 m - 2 scrolls of noise
 r - 2 scrolls of blinking
 v - 4 scrolls of recharging
 w - a scroll of fog
 E - 3 scrolls of teleportation
 H - 4 scrolls of fear
 J - 2 scrolls of identify
 M - a scroll of magic mapping
Potions
 d - 2 potions of flight
 f - 2 potions of lignification
 i - a potion of cancellation
 j - 2 potions of invisibility
 k - 3 potions of resistance
 l - 5 potions of brilliance
 p - 2 potions of agility
 s - 3 potions of magic
 x - a potion of might
 z - a potion of haste
 A - 4 potions of curing
Books
 o - a book of Air

   Spells                             Type                      Level
   a - Shock                          Conjuration/Air              1
   b - Swiftness                      Charms/Air                   2
   c - Repel Missiles                 Charms/Air                   2
   d - Static Discharge               Conjuration/Air              3
   e - Lightning Bolt                 Conjuration/Air              5
   Trog disapproves of the use of such an item.
Comestibles
 n - 2 beef jerkies
 q - 4 meat rations
 u - 39 fruits
 B - 6 bread rations
 G - 3 slices of pizza


   Skills:
 - Level 11.4(10.3) Fighting
 + Level 12.2(11.1) Axes
 - Level 11.9(10.9) Dodging
 * Level 3.9(3.0) Shields


You had 11 spell levels left.
You didn't know any spells.

Dungeon Overview and Level Annotations

Branches:
Dungeon (10/15)            Temple (0/1) D:7            Lair (3/6) D:9
  Snake (0/4) Lair:3
  Swamp: Lair:2-4    Shoals: Lair:2-4       Orc: D:9-12

Altars:
Trog

Annotations:
Lair:3 Kloppie's ghost, journeyman DrBe


Innate Abilities, Weirdness & Mutations

You can breathe wild blasts of lightning.
Your glossy black scales are hard. (AC +8)
You cannot fit into any form of body armour.
You are resistant to electric shocks. (rElec)
You are cold-blooded and may be slowed by cold attacks.


Message History

You closely miss Kloppie's ghost.
Kloppie's ghost is severely damaged.
You hit Kloppie's ghost.
Kloppie's ghost is almost destroyed.
Kloppie's ghost hits you.
* * * LOW HITPOINT WARNING * * *
You slash Kloppie's ghost!
Kloppie's ghost is almost destroyed.
Kloppie's ghost hits you but does no damage.
You barely miss Kloppie's ghost.
Kloppie's ghost is almost destroyed.
You are no longer berserk.
You are exhausted.
You feel yourself slow down.
You hit Kloppie's ghost.
Kloppie's ghost is almost destroyed.
Kloppie's ghost hits you.
* * * LOW HITPOINT WARNING * * *
Kloppie's ghost hits you!
You die...

#....................#P≈♣
#....................#PP♣
#..............#.....# PP
#....................# P
#.....................#
#.......................
#.......................
#.......†.............
#.......@W...........
#........†............
#..................#..
#.....................
#....###.###..........
###.## ### #..........
### ####.........
#.#..........
#............


You could see Kloppie's ghost.

Vanquished Creatures
  Josephine (D:10)
  Fannar (Lair:1)
  2 hydras (Lair:2)
  A black mamba (Lair:3)
  3 rime drakes
  4 spiny frogs
  A troll (D:10)
  Grinder (D:6)
  4 blink frogs (Lair:1)
  7 hippogriffs
  A meliai zombie (D:10)
  5 wraiths (D:10)
  2 wyverns
  25 yaks
  3 basilisks
  A hungry ghost (D:9)
  3 nagas (Lair:3)
  2 water moccasins (Lair:1)
  6 porcupines
  4 orc warriors
  2 ice beasts
  A phantom (D:9)
  5 ogres
  9 wolves
  The ghost of Yarinad the Skirmisher, an amateur DsFi (D:3)
  A centaur (D:9)
  4 crocodiles
  A big kobold (D:9)
  A gnoll sergeant (D:8)
  7 bullfrogs
  A wyvern zombie (D:9)
  5 scorpions
  5 killer bees (D:8)
  2 howler monkeys
  6 crimson imps
  A centaur zombie (D:10)
  A centaur skeleton (D:5)
  A jelly (D:7)
  8 orc priests
  A bullfrog skeleton (D:9)
  10 hounds
  16 orc wizards
  2 iguanas
  Natasha (D:4)
  4 worker ants
  A killer bee zombie (D:6)
  A hound skeleton (D:9)
  2 worker ant zombies (D:8)
  7 gnolls
  10 adders
  2 howler monkey skeletons (D:6)
  2 river rats (D:9)
  An ooze (D:2)
  3 worms
  5 dart slugs
  6 leopard geckos
  50 orcs
  10 bats
  4 giant cockroaches
  8 hobgoblins
  2 jackals (D:4)
  7 kobolds
  A quokka (D:2)
  4 ball pythons
  4 frilled lizards
  3 goblins
  A leopard gecko skeleton (D:4)
  A quokka skeleton (D:8)
  A quokka zombie (D:5)
  22 rats
  2 fungi (D:9)
333 creatures vanquished.

Vanquished Creatures (others)
  5 fungi (Lair:2)
  2 plants
7 creatures vanquished.

Grand Total: 340 creatures vanquished

Notes
Turn   | Place    | Note
-------+----------+-------------------------------------------
     0 | D:1      | Kloppie the Draconian Berserker began the quest for the Orb.
     0 | D:1      | Reached XP level 1. HP: 19/19 MP: 1/1
   122 | D:1      | Reached XP level 2. HP: 27/27 MP: 2/2
   486 | D:1      | Reached XP level 3. HP: 33/33 MP: 3/3
   803 | D:2      | Reached ** piety under Trog
  1158 | D:2      | Reached XP level 4. HP: 41/41 MP: 4/4
  1240 | D:3      | Reached skill level 5 in Fighting
  1241 | D:3      | Noticed Yarinad's ghost (amateur DsFi)
  1248 | D:3      | Killed Yarinad's ghost
  1248 | D:3      | Reached skill level 4 in Axes
  1248 | D:3      | Reached XP level 5. HP: 27/50 MP: 5/5
  1670 | D:3      | Reached XP level 6. HP: 56/58 MP: 6/6
  2037 | D:3      | Reached *** piety under Trog
  2617 | D:4      | Reached skill level 5 in Axes
  2850 | D:4      | Your scales start taking on a glossy black colour.
  2850 | D:4      | Reached XP level 7. HP: 48/67 MP: 7/7
  2850 | D:4      | Gained mutation: You are resistant to electric shocks. (rElec) [Black Draconian growth]
  2864 | D:4      | Noticed Natasha
  2871 | D:4      | Killed Natasha
  2886 | D:4      | Got a slimy falchion {slice}
  2887 | D:4      | Identified the +8 falchion of Mohukeha {slice, rC+ Dex+4} (You took it off an orc on level 4 of the Dungeon)
  3443 | D:5      | Entered Level 5 of the Dungeon
  3490 | D:5      | Reached skill level 6 in Axes
  3698 | D:5      | Reached XP level 8. HP: 75/78 MP: 8/8
  3785 | D:5      | Reached **** piety under Trog
  3921 | D:5      | Got an ancient hand crossbow
  3922 | D:5      | Identified the +11 hand crossbow of Mutilation {flame, Dex+3} (You found it on level 5 of the Dungeon)
  4323 | D:6      | Noticed Grinder
  4331 | D:6      | Killed Grinder
  4637 | D:6      | Reached skill level 5 in Dodging
  4852 | D:6      | Reached skill level 7 in Axes
  5183 | D:7      | Found a staircase to the Ecumenical Temple.
  5195 | D:7      | Noticed a hippogriff
  5204 | D:7      | Killed a hippogriff
  5204 | D:7      | Reached XP level 9. HP: 83/83 MP: 9/9
  6059 | D:8      | Reached skill level 8 in Axes
  7085 | D:9      | Reached ***** piety under Trog
  7101 | D:9      | Reached XP level 10. HP: 39/91 MP: 10/10
  7255 | D:9      | Reached skill level 9 in Axes
  7395 | D:9      | Found a staircase to the Lair.
  7699 | D:9      | Found a bloodstained altar of Trog.
  8204 | D:10     | Entered Level 10 of the Dungeon
  8645 | D:10     | Noticed Josephine
  8961 | D:10     | Killed Josephine
  8961 | D:10     | Reached skill level 10 in Fighting
  8965 | D:10     | Reached skill level 10 in Axes
  9221 | D:10     | Reached XP level 11. HP: 15/102 MP: 11/11
 10031 | Lair:1   | Entered Level 1 of the Lair of Beasts
 10357 | Lair:1   | Noticed Fannar
 10371 | Lair:1   | Killed Fannar
 10371 | Lair:1   | Reached skill level 10 in Dodging
 10442 | Lair:1   | Got a twisted war axe
 10443 | Lair:1   | Identified the +10 war axe of the Goat {antimagic, rElec Dex+4} (You found it on level 1 of the Lair of Beasts)
 11038 | Lair:1   | Reached skill level 11 in Axes
 11660 | Lair:2   | Received a gift from Trog
 12015 | Lair:2   | Reached XP level 12. HP: 70/110 MP: 4/12
 12322 | Lair:2   | Noticed a seven-headed hydra
 12334 | Lair:2   | Killed a seven-headed hydra
 12453 | Lair:2   | Noticed a four-headed hydra
 12466 | Lair:2   | Killed a four-headed hydra
 12956 | Lair:3   | Reached skill level 1 in Shields
 13034 | Lair:3   | Reached skill level 12 in Axes
 13062 | Lair:3   | Found a staircase to the Snake Pit.
 13091 | Lair:3   | Noticed Kloppie's ghost (journeyman DrBe)
 13277 | Lair:3   | HP: 7/165 [Kloppie's ghost (12)]
 13282 | Lair:3   | HP: 2/110 [Kloppie's ghost (3)]
 13282 | Lair:3   | Slain by Kloppie's ghost

Skill      XL: |  1  2  3  4  5  6  7  8  9 10 11 12 |
---------------+-------------------------------------+-----
Fighting       | 4 5 6 7 9 11 | 11.4
Axes           | 4 5 6 7 8 10 11 12 | 12.2
Dodging        | 6 8 9 11 | 11.9
Shields        | 3 |  3.9

Action                   |  1- 3 |  4- 6 |  7- 9 | 10-12 || total
-------------------------+-------+-------+-------+-------++-------
Melee: Hand axe          |    76 |       |       |       ||    76
       Tailslap          |    14 |    28 |    57 |    90 ||   189
       War axe           |    27 |   131 |   394 |   474 ||  1026
       Flail             |       |       |       |    16 ||    16
Invok: Berserk           |       |     3 |     7 |    11 ||    21
       Trog's Hand       |       |     2 |     2 |     2 ||     6
 Abil: Breathe Lightning |       |       |       |     1 ||     1
  Use: Scroll            |       |     4 |    16 |     7 ||    27
       Potion            |       |     5 |     2 |     3 ||    10
 Stab: Distracted        |       |     1 |       |     1 ||     2
       Sleeping          |       |     1 |       |     1 ||     2
  Eat: Chunk             |     1 |     9 |    19 |    20 ||    49
       Meat ration       |       |       |     1 |     2 ||     3
Armor: Skin              |    39 |    38 |   130 |   124 ||   331
Dodge: Dodged            |    74 |    84 |   282 |   456 ||   896
Block: Other             |       |     5 |    39 |    75 ||   119
       Reflection        |       |     1 |       |       ||     1
